 Dungeon Crawl Stone Soup version 0.28-a0-172-g787e458d71 (webtiles) character file.

Game seed: 5145622183646443976

126 pkoi the Ruffian (level 4, -2/38 HPs)
             Began as a Draconian Monk on Aug 16, 2021.
             Slain by a hound skeleton (3 damage)
             ... on level 2 of the Dungeon.
             The game lasted 00:01:37 (1426 turns).

pkoi the Ruffian (Draconian Monk)                   Turns: 1426, Time: 00:01:38

Health: -2/38      AC:  5    Str: 14    XL:     4   Next: 83%
Magic:  4/4        EV: 12    Int: 11    God:
Gold:   47         SH:  0    Dex: 13    Spells: 3/3 levels left

rFire   . . .      SeeInvis .     - Unarmed
rCold   . . .      Faith    .   (no shield)
rNeg    . . .      Spirit   .   (armour unavailable)
rPois   .          Reflect  .   (helmet restricted)
rElec   .          Harm     .   (no cloak)
rCorr   .          Rampage  .   (no gloves)
Will    .....                   (no boots)
Stlth   ++........              (no amulet)
HPRegen 0.12/turn               a - ring of flight
MPRegen 0.09/turn               (no ring)

@: flying
A: AC +5, unfitting armour, cold-blooded
a: no special abilities


You were on level 2 of the Dungeon.
You visited 1 branch of the dungeon, and saw 2 of its levels.

You collected 47 gold pieces.

Inventory:

Jewellery
 a - a ring of flight (left hand)
Scrolls
 d - a scroll of summoning {unknown}
 e - a scroll of fog {unknown}
 f - a scroll of teleportation {unknown}


   Skills:
 - Level 3.2 Fighting
 - Level 2.6 Dodging
 - Level 1.7 Stealth
 + Level 5.6 Unarmed Combat


You had 3 spell levels left.
You didn't know any spells.
Your spell library contained the following spells:

 Spells                   Type           Power      Damage    Failure   Level
 Sting                    Tmut/Pois      0%         1d3       34%         1
 Poisonous Vapours        Pois/Air       0%         N/A       47%         2
 Conjure Flame            Conj/Fire      0%         6-21      71%         3
 Ignite Poison            Fire/Tmut/Pois 0%         N/A       71%         3
 Olgreb's Toxic Radiance  Pois           0%         N/A       98%         4
 Sticky Flame             Conj/Fire      0%         2d3       98%         4


Dungeon Overview and Level Annotations

Branches:
Dungeon (2/15)

Altars:


Innate Abilities, Weirdness & Mutations

Your plain brown scales are hard. (AC +5)
You cannot fit into any form of body armour.
You are cold-blooded and may be slowed by cold attacks.


Message History

* * * LOW HITPOINT WARNING * * *
The ogre closely misses you.
The frilled lizard bites you but does no damage.
You closely miss the ogre.
The ogre is severely wounded.
The hound skeleton bites you.
* * * LOW HITPOINT WARNING * * *
The ogre barely misses you. The frilled lizard barely misses you.
Unknown command.
You hit the ogre.
The ogre is almost dead.
The hound skeleton barely misses you. The frilled lizard closely misses you.
Unknown command.
You hit the ogre.
You kill the ogre!
The hound skeleton bites you but does no damage.
The hound skeleton misses you. The frilled lizard bites you.
* * * LOW HITPOINT WARNING * * *
Your Unarmed Combat skill increases to level 5!
You have reached level 4!
You feel clever.
You hit the frilled lizard.
You kill the frilled lizard!
The hound skeleton closely misses you.
You hit the hound skeleton.
You punch the hound skeleton, but do no damage.
The hound skeleton is lightly damaged.
The hound skeleton completely misses you.
The hound skeleton bites you.
* * * LOW HITPOINT WARNING * * *
You hit the hound skeleton.
The hound skeleton is lightly damaged.
The hound skeleton bites you but does no damage.
You punch the hound skeleton!
The hound skeleton is heavily damaged.
The hound skeleton barely misses you.
You barely miss the hound skeleton.
The hound skeleton is heavily damaged.
The hound skeleton bites you.
You die...

... #.....#
....########.##.####
#.#..:..............
#...................
#....................
####.....!..###.......
##...............##....
#......Z......#### )...
.......@....#.[..
.............##.#
..................
............###.##
..........### #
#........## .........>
..........


You could see a hound skeleton.

Vanquished Creatures
  An ogre (D:2)
  An adder (D:1)
  4 dart slugs
  3 endoplasms
  2 goblins (D:1)
  2 hobgoblins
  2 quokkas (D:1)
  2 frilled lizards
  5 kobolds
  2 rats
24 creatures vanquished.

Notes
Turn   | Place    | Note
-------+----------+-------------------------------------------
     0 | D:1      | pkoi the Draconian Monk began the quest for the Orb.
     0 | D:1      | Reached XP level 1. HP: 19/19 MP: 1/1
   318 | D:1      | Reached XP level 2. HP: 23/26 MP: 2/2
   688 | D:1      | Reached skill level 4 in Unarmed Combat
  1275 | D:1      | Reached XP level 3. HP: 6/31 MP: 3/3
  1405 | D:2      | Noticed an ogre
  1420 | D:2      | Killed an ogre
  1421 | D:2      | Reached skill level 5 in Unarmed Combat
  1421 | D:2      | Reached XP level 4. HP: 3/38 MP: 4/4
  1423 | D:2      | HP: 1/38 [hound skeleton (2)]
  1426 | D:2      | Slain by a hound skeleton

Illustrated notes

Levels and vault maps discovered:
D:1:      roderic_crossed_star, layout_loops_corners, chequers_decorated_corner,
          minmay_unequal
D:2:      layout_rooms, minmay_pentomino_pile

Skill      XL: |  1  2  3 |
---------------+----------+-----
Unarmed Combat | 4 5 |  5.6
Fighting       | |  3.2
Dodging        | |  2.6
Stealth        | |  1.7

Action                   |  1- 3 |  4- 6 || total
-------------------------+-------+-------++-------
Melee: Unarmed           |    76 |     5 ||    81
       Tailslap          |    11 |       ||    11
       Punch             |       |     1 ||     1
  Use: Scroll            |     1 |       ||     1
       Potion            |     1 |       ||     1
 Stab: Sleeping          |     3 |       ||     3
Armor: Skin              |    11 |     1 ||    12
Dodge: Dodged            |    50 |     3 ||    53

Table legend: (Time is in decaauts)
 A = Elapsed time spent in this place.
 B = Non-inter-level travel time spent in this place.
 C = Inter-level travel time spent in this place.
 D = Time resting spent in this place.
 E = Time spent auto-exploring this place.
 F = Levels seen in this place.
 G = Mean time per level.
                   A        B        C        D        E       F      G
               +--------+--------+--------+--------+--------+-----+--------+
         Total |   1427 |   1393 |     34 |    246 |    957 |   2 |  713.5 |
       Dungeon |   1427 |   1393 |     34 |    246 |    957 |   2 |  713.5 |
               +--------+--------+--------+--------+--------+-----+--------+

Top non-repeatable levels by time:
     D:1: 1299 daAuts
     D:2: 127 daAuts
